 Dungeon Crawl Stone Soup version 0.23-a0-636-g0ff6057 (webtiles) character file.

1438 nikopol the Cleaver (level 8, -7/105 HPs)
             Began as a Minotaur Berserker on Dec 28, 2018.
             Was an Elder of Trog.
             Killed by divine providence
             ... invoked by an orc priest
              (14 damage)
             ... on level 6 of the Dungeon.
             The game lasted 00:08:22 (4440 turns).

nikopol the Cleaver (Minotaur Berserker)            Turns: 4440, Time: 00:08:22

Health: -7/105     AC:  9    Str: 29    XL:     8   Next: 45%
Magic:  7/7        EV: 12    Int:  7    God:    Trog [****..]
Gold:   309        SH:  0    Dex: 10    Spells: 7/7 levels left

rFire    . . .     SeeInvis .   a - +0 hand axe
rCold    . . .     Gourm    .   (no shield)
rNeg     . . .     Faith    .   m - +0 scale mail
rPois    .         Spirit   .   (helmet restricted)
rElec    .         Reflect  .   r - +0 cloak
rCorr    .         Harm     .   (no gloves)
MR       .....                  (no boots)
Stlth    ..........             (no amulet)
HPRegen  0.27/turn              q - +3 ring of intelligence
MPRegen  0.10/turn              (no ring)

@: berserking, very quick
A: retaliatory headbutt, horns 2
a: Berserk, Trog's Hand, Brothers in Arms, Renounce Religion


You were on level 6 of the Dungeon.
You worshipped Trog.
Trog was greatly pleased with you.
You were near starving.

You visited 1 branch of the dungeon, and saw 6 of its levels.

You collected 309 gold pieces.

Inventory:

Hand Weapons
 a - a +0 hand axe (weapon)
 z - a +0 shortbow
Missiles
 i - 131 arrows
Armour
 b - a +0 animal skin
 m - a +0 scale mail (worn)
 r - a +0 cloak (worn)
Jewellery
 q - a +3 ring of intelligence (left hand)
 w - a cursed ring of teleportation {unknown}
Scrolls
 d - 2 scrolls of noise {unknown}
 f - 7 scrolls of identify {unknown}
 g - 3 scrolls of blinking {unknown}
 j - a scroll of magic mapping {unknown}
 k - 3 scrolls of teleportation {unknown}
 o - 2 scrolls of enchant armour {unknown}
 s - a scroll of fog {unknown}
 v - a scroll of fear {unknown}
 x - a scroll of amnesia {unknown}
 y - a scroll of remove curse {unknown}
Potions
 e - 3 potions of degeneration {unknown}
 h - 2 potions of flight {unknown}
 l - 2 potions of agility
 n - 2 potions of mutation {unknown}
 p - 3 potions of heal wounds {unknown}
 t - a potion of magic {unknown}
 u - 2 potions of haste {unknown}
 A - a potion of ambrosia {unknown}
Comestibles
 c - 10 rations


   Skills:
 + Level 6.0 Fighting
 * Level 8.6 Axes
 * Level 2.9 Bows
 + Level 6.9 Armour
 + Level 4.1 Dodging
 + Level 1.2 Stealth


You had 7 spell levels left.
You didn't know any spells.
Your spell library was empty.

Dungeon Overview and Level Annotations

Branches:
Dungeon (6/15)             Temple (0/1) D:4

Altars:
Ashenzari
Nemelex Xobeh
Sif Muna
Xom

Shops:
D:5 (

Annotations:
D:5 5 runed doors


Innate Abilities, Weirdness & Mutations

You reflexively headbutt those who attack you in melee.
You have a pair of horns on your head.


Message History

The orc warrior hits you with a +0 scimitar!!
* * * LOW HITPOINT WARNING * * *
You barely miss the ogre.
The ogre is heavily wounded.
You closely miss the ogre. You headbutt the ogre.
The ogre is severely wounded.
The ogre hits you with a +0 giant spiked club.
* * * LOW HITPOINT WARNING * * *
You closely miss the ogre. You headbutt the ogre!
You feel the power of Trog in you as your rage grows.
You kill the ogre!
Trog accepts your kill.
Your Bows skill increases to level 2!
You hit the orc warrior.
You kill the orc warrior!
Trog accepts your kill.
Your Fighting skill increases to level 6!
The orc priest mumbles some strange prayers to Beogh against you.
Beogh smites you!
You die...

.##### ...... ####
#.... #### .(. ##
#....##.. ..####
...#....##.##......
...#....##.#.......
..........@)o.$....
...#.....#.#.......
.........#.##.#.##.
.........#.. .# #
.........#### #
....####.# ... #.#
. #.# ##.###


You could see an orc priest.

Vanquished Creatures
  The ghost of Lanoc the Slasher, an amateur MiCK of Xom (D:3)
  An orc warrior (D:6)
  A phantom (D:4)
  4 ogres
  A centaur (D:5)
  A bullfrog (D:3)
  2 crimson imps
  A bullfrog zombie (D:6)
  A centaur skeleton (D:4)
  A jelly (D:5)
  2 hounds (D:5)
  2 orc wizards
  A bullfrog skeleton (D:5)
  An iguana (D:5)
  Natasha (twice) (D:2)
  Terence (D:2)
  Robin (D:2)
  4 gnolls (D:3)
  6 adders
  A shadow imp (D:6)
  An adder skeleton (D:4)
  4 worms
  4 dart slugs
  7 leopard geckos
  7 orcs
  5 bats
  2 giant cockroaches
  15 goblins
  7 hobgoblins
  2 jackals (D:5)
  3 quokkas
  2 ball pythons (D:2)
  3 frilled lizards
  A jackal zombie (D:5)
  9 kobolds
  A quokka skeleton (D:6)
  6 rats
114 creatures vanquished.

Notes
Turn   | Place    | Note
-------+----------+-------------------------------------------
     0 | D:1      | nikopol the Minotaur Berserker began the quest for the Orb.
     0 | D:1      | Reached XP level 1. HP: 19/19 MP: 0/0
    95 | D:1      | Reached skill level 4 in Axes
    95 | D:1      | Reached XP level 2. HP: 26/27 MP: 1/1
   774 | D:2      | Reached XP level 3. HP: 32/33 MP: 2/2
   797 | D:2      | Found a shattered altar of Ashenzari.
   801 | D:2      | Reached ** piety under Trog
   802 | D:2      | Noticed Terence
   810 | D:2      | Reached XP level 4. HP: 41/41 MP: 3/3
   812 | D:2      | Killed Terence
   812 | D:2      | Reached skill level 5 in Axes
   902 | D:2      | Found a faded altar of an unknown god.
   990 | D:2      | Noticed Natasha
   998 | D:2      | Killed Natasha
  1147 | D:2      | Noticed Robin
  1163 | D:2      | Reached XP level 5. HP: 47/47 MP: 4/4
  1185 | D:2      | Killed Robin
  1607 | D:2      | Noticed Natasha
  1614 | D:2      | Killed Natasha
  1674 | D:3      | Reached *** piety under Trog
  1692 | D:3      | Reached skill level 5 in Fighting
  2099 | D:3      | Reached skill level 6 in Axes
  2103 | D:3      | Reached XP level 6. HP: 47/56 MP: 5/5
  2303 | D:3      | Found a runed door.
  2307 | D:3      | Noticed Lanoc's ghost (amateur MiCK)
  2317 | D:3      | Killed Lanoc's ghost
  2510 | D:3      | Found a shimmering altar of Xom.
  2801 | D:4      | Reached XP level 7. HP: 50/61 MP: 6/6
  2833 | D:4      | Found a staircase to the Ecumenical Temple.
  2848 | D:4      | Reached skill level 7 in Axes
  2848 | D:4      | Reached skill level 5 in Armour
  3190 | D:4      | Found a deep blue altar of Sif Muna.
  3232 | D:4      | Reached skill level 1 in Stealth
  3449 | D:5      | Entered Level 5 of the Dungeon
  3761 | D:5      | Found Kasirphi's Weapon Shop.
  3792 | D:5      | Reached skill level 8 in Axes
  3792 | D:5      | Reached XP level 8. HP: 54/70 MP: 7/7
  3884 | D:5      | Found a runed gate.
  3890 | D:5      | Found a runed door.
  3922 | D:5      | Reached **** piety under Trog
  3933 | D:5      | Found a sparkling altar of Nemelex Xobeh.
  3956 | D:5      | Found the +9 staff of Olgreb {rPois}
  3958 | D:5      | Found a runed door.
  3981 | D:5      | Found a runed gate.
  4124 | D:5      | Found a runed gate.
  4265 | D:6      | Reached skill level 1 in Bows
  4440 | D:6      | Killed from afar by an orc priest

Vault maps used:
D:1:      dpeg_arrival_long_road, minmay_pentomino_r4
D:2:      chequers_ecumenical_altar_simple, evilmike_ruin_ashenzari,
          uniq_terence, uniq_robin, uniq_natasha
D:3:      ebering_ghost_sewer_d, tgw_xom
D:4:      lemuel_blue_sif_altar, temple_pool_b, first_ration
D:5:      serial_shops, nicolae_shop_competitors_out_of_business, basic_altar,
          minmay_guarded_unrand_staff_of_olgreb
D:6:      minmay_thinvault, kennysheep_slug_shrine

Skill      XL: |  1  2  3  4  5  6  7  8 |
---------------+-------------------------+-----
Axes           | 4 5 6 8 |  8.6
Fighting       | 4 5 6 |  6.0
Armour         | 3 4 6 |  6.9
Dodging        | 3 4 |  4.1
Stealth        | 1 |  1.2
Bows           | 2 |  2.9

Action                   |  1- 3 |  4- 6 |  7- 9 || total
-------------------------+-------+-------+-------++-------
Melee: Hand axe          |    30 |   148 |    87 ||   265
       Headbutt          |     8 |    37 |    22 ||    67
 Fire: Shortbow          |       |       |    27 ||    27
Invok: Berserk           |     1 |     1 |     2 ||     4
  Eat: Chunk             |       |     8 |     5 ||    13
Armor: Animal skin       |     3 |       |       ||     3
       Scale mail        |     6 |    51 |    19 ||    76
Dodge: Dodged            |    15 |    84 |    47 ||   146

Table legend:
 A = Non-vault XP
 B = Vault XP
 C = Vault XP percentage of total XP
 D = Non-vault monster count
 E = Vault monster count
 F = Vault count percentage of total count
                 A         B        C        D         E       F
            +---------+---------+-------+---------+---------+-------
      Total |    1625 |     430 |  20.9 |      90 |      24 |  21.1
            +---------+---------+-------+---------+---------+-------
        D:1 |      17 |      11 |  39.3 |       9 |       4 |  30.8
        D:2 |     143 |     111 |  43.7 |      21 |      15 |  41.7
        D:3 |     119 |     308 |  72.1 |      24 |       5 |  17.2
        D:4 |     476 |       0 |   0.0 |      13 |       0 |   0.0
        D:5 |     450 |       0 |   0.0 |      14 |       0 |   0.0
        D:6 |     420 |       0 |   0.0 |       9 |       0 |   0.0
            +---------+---------+-------+---------+---------+-------
